 Dungeon Crawl Stone Soup version 0.28-a0-983-g1de4e0787c (webtiles) character file.

Game seed: 16064837870132935351

40 Froggeryz the Cudgeller (level 3, 0/23 HPs)
             Began as a Gargoyle Cinder Acolyte on Dec 3, 2021.
             Was a High Priest of Ignis.
             Slain by Terence (5 damage)
             ... on level 2 of the Dungeon.
             The game lasted 00:01:33 (1704 turns).

Froggeryz the Cudgeller (Gargoyle Cinder Acolyte)   Turns: 1704, Time: 00:01:33

Health: 0/23       AC:  5    Str: 19    XL:     3   Next: 50%
Magic:  4/4        EV: 11    Int: 14    God:    Ignis [*****.]
Gold:   89         SH:  0    Dex:  5    Spells: 4/4 levels left

rFire   + . .      SeeInvis .   a - -1 mace (flame)
rCold   . . .      Faith    .   (no shield)
rNeg    + . .      Spirit   .   b - +0 robe
rPois   ∞          Reflect  .   (no helmet)
rElec   +          Harm     .   (no cloak)
rCorr   .          Rampage  .   (no gloves)
Will    .....                   (no boots)
Stlth   +.........              (no amulet)
HPRegen 0.07/turn               (no ring)
MPRegen 0.09/turn               (no ring)

@: no status effects
A: sickness immunity, AC +3, negative energy resistance 1, electricity
resistance, torment resistance 1, petrification resistance
a: Renounce Religion, Fiery Armour, Foxfire Swarm, Rising Flame


You were on level 2 of the Dungeon.
You worshipped Ignis.
Ignis was extremely pleased with you.
You visited 1 branch of the dungeon, and saw 2 of its levels.

You collected 89 gold pieces.

Inventory:

Hand Weapons
 a - a -1 mace of flaming (weapon)
Armour
 b - a +0 robe (worn)
Jewellery
 d - a +4 ring of evasion
Scrolls
 e - a scroll of vulnerability {unknown}
 f - 2 scrolls of amnesia {unknown}
 g - a scroll of identify {unknown}
Potions
 c - a potion of attraction {unknown}


   Skills:
 - Level 3.2 Fighting
 * Level 4.0 Maces & Flails
 + Level 1.6 Armour
 - Level 1.0 Spellcasting
 - Level 3.0 Fire Magic


You had 4 spell levels left.
You didn't know any spells.
Your spell library contained the following spells:

 Spells                   Type           Power      Damage    Failure   Level
 Scorch                   Fire           18%        2d5       12%         2


Dungeon Overview and Level Annotations

Branches:
Dungeon (2/15)

Altars:

Shops:
D:1 *

Annotations:
D:2 Sigmund, Terence


Innate Abilities, Weirdness & Mutations

You are immune to sickness and miasma.
Your stone body is resilient. (AC +3)
You are immune to poison.
You resist negative energy. (rN+)
You are resistant to electric shocks. (rElec)
You are resistant to unholy torment.
You are immune to petrification.


Message History

There is a stone staircase leading up here.
A gnoll is nearby!
A gnoll is nearby!
A gnoll comes into view. It is wielding a +0 flail.
The gnoll shouts!
You hear a shout! x3
A kobold comes into view. It is wielding a +0 club.
The kobold shouts!
You hear a shout!
There is a stone staircase leading up here.
The gnoll hits you but does no damage. The gnoll closely misses you.
You climb upwards.
There is a stone staircase leading down here.
You see here a +0 dagger.
There is a stone staircase leading down here.
You climb downwards.
Level annotation: Sigmund
There is a stone staircase leading up here.
Unknown command.
Found 16 stones.
Terence the Incautious comes into view.
He is wielding a +0 short sword.
Terence shouts!
Terence is nearby!
Terence hits you with a +0 short sword. Terence misses you.
There is a stone staircase leading up here.
You closely miss Terence. Terence hits you with a +0 short sword.
You hit Terence. You burn Terence.
Terence is lightly wounded.
Terence hits you with a +0 short sword.
You hit Terence but do no damage.
Terence is lightly wounded.
Terence hits you with a +0 short sword.
You barely miss Terence.
Terence is lightly wounded.
Terence hits you with a +0 short sword.
* * * LOW HITPOINT WARNING * * *
You barely miss Terence.
Terence is lightly wounded.
Terence barely misses you. Terence hits you with a +0 short sword.
You die...

#. #.# ...
#.# ...###.##
......
###..###
#......#
#.#..#.......
#.#..#@....##
#@@..#.....#
#....#.....#
######.....#
.....# #....#


You could see Terence.

Vanquished Creatures
  An adder (D:2)
  A dart slug (D:1)
  A ball python (D:2)
  3 endoplasms (D:1)
  4 goblins
  2 hobgoblins (D:1)
  3 jackals (D:1)
  4 kobolds (D:1)
  A quokka (D:1)
  3 bats (D:1)
  2 frilled lizards (D:1)
  A rat (D:1)
26 creatures vanquished.

Vanquished Creatures (others)
  8 toadstools (D:2)
8 creatures vanquished.

Grand Total: 34 creatures vanquished

Notes
Turn   | Place    | Note
-------+----------+-------------------------------------------
     0 | D:1      | Froggeryz the Gargoyle Cinder Acolyte began the quest for
                  | the Orb.
     0 | D:1      | Reached XP level 1. HP: 14/14 MP: 2/2
   284 | D:1      | Reached XP level 2. HP: 19/19 MP: 3/3
   356 | D:1      | Reached skill level 1 in Armour
   615 | D:1      | Found Yheosili's General Store.
   758 | D:1      | Reached XP level 3. HP: 15/23 MP: 4/4
  1482 | D:2      | Reached skill level 4 in Maces & Flails
  1542 | D:2      | Noticed Sigmund
  1693 | D:2      | Noticed Terence
  1704 | D:2      | Slain by Terence

Illustrated notes

Levels and vault maps discovered:
D:1:      dpeg_arrival_boxorama, layout_basic, serial_shops,
          nicolae_shop_advertising_works [nicolae_subvault_shop_adworks]
D:2:      cheibrodos_fertilizer, layout_basic, basic_ecumenical_altar,
          hex_large, uniq_terence, uniq_sigmund

Skill      XL: |  1  2  3 |
---------------+----------+-----
Armour         | 1 |  1.6
Maces & Flails | 4 |  4.0
Fighting       | |  3.2
Spellcasting   | |  1.0
Fire Magic     | |  3.0

Action                   || total
-------------------------++-------
Melee: Mace              ||    83
Armor: Robe              ||    36
Dodge: Dodged            ||    67

Table legend: (Time is in decaauts)
 A = Elapsed time spent in this place.
 B = Non-inter-level travel time spent in this place.
 C = Inter-level travel time spent in this place.
 D = Time resting spent in this place.
 E = Time spent auto-exploring this place.
 F = Levels seen in this place.
 G = Mean time per level.
                   A        B        C        D        E       F      G
               +--------+--------+--------+--------+--------+-----+--------+
         Total |   1723 |   1654 |     69 |    532 |    894 |   2 |  861.5 |
       Dungeon |   1723 |   1654 |     69 |    532 |    894 |   2 |  861.5 |
               +--------+--------+--------+--------+--------+-----+--------+

Top non-repeatable levels by time:
     D:1: 1602 daAuts
     D:2: 121 daAuts
